[Event "Team 45 45 League T79"]
[Site "Internet Chess Club"]
[Date "2019.01.20"]
[Round "4"]
[White "cityprosecutor"]
[Black "chessabc"]
[Result "0-1"]
[WhiteElo "1668"]
[BlackElo "1761"]
[Opening "Alekhine's defense: exchange variation"]
[ECO "B02"]
[Time "10:05:34"]
[TimeControl "2700+45"]

1. e4 Nf6 2. e5 Nd5 3. c4 Nb6 4. d4 d6 5. exd6 exd6 6. Nc3 Bf5 7. Nf3 Nc6 8. Be3
Be7 9. Be2 Bf6 10. O-O O-O 11. Rc1 Rc8 12. h3 h5 13. d5 Ne7 14. Nd4 Bxd4 15.
Bxd4 h4 16. Bg4 Nxc4 17. Bxg7 Kxg7 18. Qd4+ Ne5 19. f4 c5 20. dxc6 Nxc6 21. Qd5
Ne7 22. Qd4 Rc4 23. Qf2 Nxg4 24. hxg4 Bxg4 25. Qxh4 Qb6+ 26. Rf2 Rxf4 27. Qg5+
Ng6 28. Ne4 f5 29. Rc7+ Qxc7 30. Rxf4 Qc1+ 31. Rf1 Qxg5 32. Nxg5 Rc8 {White
resigns} 0-1

[Event "Team 45 45 League T79"]
[Site "Internet Chess Club"]
[Date "2019.01.20"]
[Round "4"]
[White "President"]
[Black "elessar"]
[Result "1/2-1/2"]
[WhiteElo "1586"]
[BlackElo "1635"]
[Opening "Nimzovich-Larsen attack: modern variation"]
[ECO "A01"]
[Time "13:30:49"]
[TimeControl "2700+45"]

1. b3 e5 2. Bb2 d6 3. e3 Nc6 4. Bb5 Bd7 5. Nf3 Be7 6. d4 exd4 7. Nxd4 Nxd4 8.
Bxd7+ Qxd7 9. Bxd4 Nf6 10. O-O O-O 11. h3 Qe6 12. Nd2 Ne4 13. Nxe4 Qxe4 14. Qg4
Qxg4 15. hxg4 d5 16. Be5 c6 17. Rad1 f5 18. gxf5 Rxf5 19. Bb2 Raf8 20. f3 Bc5
21. Bd4 Bxd4 22. Rxd4 g5 23. Kf2 Kg7 24. Re1 h5 25. e4 Rf4 26. c4 g4 27. Re3
gxf3 28. g3 Rxe4 29. Rdxe4 dxe4 30. Rxe4 Rf7 31. Re3 Kg6 32. Re6+ Kf5 33. Re8
Kg6 34. Re5 Kh6 35. Re3 Kg5 36. Rd3 Kg6 37. c5 Kg5 38. b4 a6 39. Rd8 Kg6 40.
Rg8+ Kh7 41. Rg5 Kh6 42. Re5 Kg6 43. a3 Kh6 44. Re6+ Kg5 45. Rd6 h4 46. gxh4+
Kxh4 47. Rd4+ Kg5 48. Rd8 Kf4 49. Rd4+ Ke5 50. Rd6 Ke4 51. Rd8 Ke5 52. Rd6 Ke4
53. Rd1 Ke5 54. Rd8 Ke4 55. Rd6 Ke5 {Game drawn by mutual agreement} 1/2-1/2

[Event "Team 45 45 League T79"]
[Site "Internet Chess Club"]
[Date "2019.01.17"]
[Round "4"]
[White "Constrictor"]
[Black "RD1974"]
[Result "1-0"]
[WhiteElo "1567"]
[BlackElo "1580"]
[Opening "Nimzovich-Larsen attack: modern variation"]
[ECO "A01"]
[Time "18:00:20"]
[TimeControl "2700+45"]

1. b3 e5 2. Bb2 Nc6 3. e3 d5 4. Bb5 Bd6 5. Nf3 Qe7 6. c4 Nf6 7. c5 Bxc5 8. Nxe5
Bd7 9. Nxd7 Kxd7 10. O-O a6 11. Be2 Ne5 12. d4 Bd6 13. dxe5 Bxe5 14. Bxe5 Qxe5
15. Nd2 c6 16. Nf3 Qe7 17. Qc2 Ne4 18. Bd3 f5 19. Nd2 Raf8 20. Rad1 Kc7 21. Nxe4
fxe4 22. Be2 h5 23. Rc1 Rf6 24. Qc5 Qf7 25. f4 b6 26. Qd4 c5 27. Qe5+ Kb7 28.
Rfd1 Rd8 29. Rd2 Rf5 30. Qb2 g5 31. Rf1 g4 32. b4 d4 33. bxc5 Rxc5 34. Rxd4 Rdc8
35. Qb1 Rc2 36. Rfd1 R8c7 37. Qxc2 Rxc2 38. Rd7+ Qxd7 39. Rxd7+ Kc6 40. Bd1 Rxa2
41. Rd4 Ra1 42. Kf1 h4 43. Ke1 b5 44. Rxe4 a5 45. f5 Kd5 46. f6 Kxe4 47. f7 g3
48. hxg3 hxg3 49. f8=Q Ra4 50. Bxa4 {Black resigns} 1-0

[Event "Team 45 45 League T79"]
[Site "Internet Chess Club"]
[Date "2019.01.18"]
[Round "4"]
[White "ChessMaine"]
[Black "Gilguli"]
[Result "0-1"]
[WhiteElo "1459"]
[BlackElo "1340"]
[Opening "Queen's pawn: stonewall attack"]
[ECO "D00"]
[Time "04:32:19"]
[TimeControl "2700+45"]

1. d4 d5 2. e3 Nf6 3. Bd3 Nc6 4. f4 Nb4 5. Be2 Bf5 6. Na3 Qd7 7. Nf3 e6 8. Ne5
Qe7 9. c3 Ne4 10. Qa4+ c6 11. O-O f6 12. Nf3 Nxc3 13. bxc3 Nd3 14. Bxd3 Bxd3 15.
Rd1 Be2 16. Rd2 b5 17. Qb3 Bxf3 18. gxf3 f5 19. Nc2 Qh4 20. Ba3 Bxa3 21. Qxa3
Kd7 22. Ne1 g5 23. Nd3 gxf4 24. exf4 Rhg8+ 25. Rg2 Rxg2+ 26. Kxg2 Rg8+ 27. Kh1
Qh3 28. Qxa7+ Kd6 29. Qc5+ Kc7 30. Qa7+ Kd6 31. Qc5+ Kc7 32. Qa7+ Kd6 33. Qc5+
Kc7 34. Ne1 Qf1# {White checkmated} 0-1

[Event "Team 45 45 League T79"]
[Site "Internet Chess Club"]
[Date "2019.01.18"]
[Round "4"]
[White "QuieroAprender"]
[Black "Kingfisher75"]
[Result "1-0"]
[WhiteElo "1690"]
[BlackElo "1554"]
[Opening "Nimzovich-Larsen attack: modern variation"]
[ECO "A01"]
[Time "19:13:51"]
[TimeControl "2700+45"]

1. b3 e5 2. Bb2 Nc6 3. e3 Nf6 4. Nc3 d5 5. Bb5 Bd7 6. Nf3 e4 7. Bxc6 bxc6 8. Ne5
Bd6 9. Na4 O-O 10. d4 Qe7 11. h3 Rfe8 12. O-O Ba3 13. c4 Bxb2 14. Nxb2 Qe6 15.
Nxd7 Nxd7 16. Rc1 Rec8 17. Na4 Qe7 18. f4 Nf6 19. g4 Nd7 20. g5 g6 21. c5 h5 22.
gxh6 Qh4 23. Qg4 Qxg4+ 24. hxg4 Kh7 25. g5 f6 26. Rf2 f5 27. Nc3 a5 28. a3 Rcb8
29. Rb1 Rb7 30. Rfb2 Nb8 31. b4 a4 32. b5 cxb5 33. Rxb5 Rxb5 34. Rxb5 c6 35. Rb4
Nd7 36. Rb7 {Black resigns} 1-0

[Event "Team 45 45 League T79"]
[Site "Internet Chess Club"]
[Date "2019.01.18"]
[Round "4"]
[White "Kingofknights"]
[Black "mongmong"]
[Result "1/2-1/2"]
[WhiteElo "1451"]
[BlackElo "1446"]
[Opening "Nimzo-Indian: 4.e3 O-O, 5.Bd3"]
[ECO "E47"]
[Time "18:00:24"]
[TimeControl "2700+45"]

1. d4 e6 2. c4 Nf6 3. Nc3 Bb4 4. e3 O-O 5. Bd3 Re8 6. Ne2 d5 7. a3 Be7 8. c5 b6
9. b4 Bb7 10. Qc2 a5 11. Bb2 axb4 12. axb4 Rxa1+ 13. Bxa1 bxc5 14. bxc5 c6 15.
O-O Ba6 16. Bxa6 Nxa6 17. Qa4 Qa8 18. Rb1 Nd7 19. Rb3 Rb8 20. Nc1 Rxb3 21. Nxb3
Nc7 22. Qxa8+ Nxa8 23. Na5 Nb8 24. Na2 Bd8 25. Nb7 Bc7 26. Bc3 Kf8 27. Ba5 Bxa5
28. Nxa5 Ke7 29. Nb4 Kd7 30. f4 Nc7 31. g4 Nb5 32. Kg2 Nc3 33. Kf3 g6 34. g5 Ne4
35. Nd3 f6 36. gxf6 Nxf6 37. Ne5+ Kc7 38. Nf7 Ne4 39. Ng5 Nxg5+ 40. fxg5 Na6 41.
Kf4 Nb4 42. e4 Nd3+ 43. Ke3 Nb4 44. Nb3 Kd7 45. Nc1 Nc2+ 46. Kd3 Ne1+ 47. Ke3
Nc2+ 48. Kd3 Ne1+ 49. Ke3 Nc2+ 50. Kd3 Na3 51. Ne2 Nc4 52. Nf4 Ke7 53. h4 Nb2+
54. Ke3 Nd1+ 55. Kf3 Nc3 56. e5 Ne4 57. Ng2 Nd2+ 58. Ke2 Ne4 59. Ne3 Nc3+ 60.
Kd3 Ne4 61. Ng4 Ng3 62. Nf6 Nf5 63. h5 gxh5 64. Nxh5 Kf7 65. Nf6 h6 66. gxh6
Nxh6 67. Nd7 Nf5 68. Nb8 Ne7 69. Kc3 Kg6 70. Kd3 Kf5 71. Ke3 Kg4 72. Nd7 Nf5+
73. Kd3 Kf3 74. Nf8 Ng7 {Game drawn by mutual agreement} 1/2-1/2

[Event "Team 45 45 League T79"]
[Site "Internet Chess Club"]
[Date "2019.01.19"]
[Round "4"]
[White "smsxman"]
[Black "wildwood"]
[Result "0-1"]
[WhiteElo "1331"]
[BlackElo "1538"]
[Opening "Sicilian: closed"]
[ECO "B23"]
[Time "10:01:06"]
[TimeControl "2700+45"]

1. e4 c5 2. Nc3 d6 3. Nf3 g6 4. d4 cxd4 5. Qxd4 Nf6 6. e5 dxe5 7. Qxd8+ Kxd8 8.
Nxe5 Ke8 9. Bb5+ Nbd7 10. Bg5 Bg7 11. O-O a6 12. Bxd7+ Nxd7 13. Nxd7 Bxd7 14.
Nd5 Rb8 15. c3 f6 16. Bh4 Kf7 17. Bg3 Rbd8 18. Rad1 Bb5 19. Rfe1 e6 20. Nc7 Rxd1
21. Rxd1 Bc6 22. b3 e5 23. c4 h5 24. b4 h4 25. b5 axb5 26. cxb5 Be8 27. Rc1 hxg3
28. fxg3 Bh6 29. Rc2 Bd7 30. a4 Bf5 31. Rc3 Bd2 32. Rc4 Be3+ 33. Kh1 Rd8 34. h3
Bb6 35. g4 Bd3 36. Rc3 e4 37. Kh2 Ke7 38. Kg3 Kd6 {White resigns} 0-1

[Event "Team 45 45 League T79"]
[Site "Internet Chess Club"]
[Date "2019.01.19"]
[Round "4"]
[White "kingphisch"]
[Black "dabodhi"]
[Result "1/2-1/2"]
[WhiteElo "1449"]
[BlackElo "1282"]
[Opening "French: King's Indian attack"]
[ECO "C00"]
[Time "16:08:25"]
[TimeControl "2700+45"]

1. e4 e6 2. d3 d5 3. Nd2 c5 4. g3 Nf6 5. Bg2 Nc6 6. Ne2 Be7 7. O-O b5 8. Re1 Qc7
9. Nf1 Ne5 10. f4 Ng6 11. e5 Nd7 12. b3 Bb7 13. d4 cxd4 14. Nxd4 Bc5 15. Be3 Qb6
16. Qd3 a6 17. a3 Qc7 18. b4 Be7 19. Rec1 Nb6 20. Bf2 Nc4 21. Ne3 Nb2 22. Qd2
Nc4 23. Nxc4 dxc4 24. Bxb7 Qxb7 25. c3 Rd8 26. Qe2 Qc7 27. Re1 Rd5 28. Qf3 O-O
29. Rad1 Rfd8 30. Qe2 Kh8 31. Qf3 Kg8 {Game drawn by mutual agreement} 1/2-1/2

[Event "Team 45 45 League T79"]
[Site "Internet Chess Club"]
[Date "2019.01.20"]
[Round "4"]
[White "Ecclesiastic"]
[Black "LuFran"]
[Result "0-1"]
[WhiteElo "1597"]
[BlackElo "1639"]
[Opening "Scandinavian defense"]
[ECO "B01"]
[Time "15:01:21"]
[TimeControl "2700+45"]

1. e4 d5 2. exd5 Nf6 3. d4 Bg4 4. Nf3 Qxd5 5. Be2 Nc6 6. c3 O-O-O 7. O-O e6 8.
Bf4 h6 9. Nbd2 g5 10. Bg3 Nh5 11. Ne5 Bxe2 12. Qxe2 Nxg3 13. fxg3 Nxe5 14. Qxe5
Qxe5 15. dxe5 Rxd2 16. Rxf7 Bc5+ 17. Kh1 Rhd8 18. Rf6 Rd1+ 19. Rxd1 Rxd1+ 20.
Rf1 Rxf1# {White checkmated} 0-1

[Event "Team 45 45 League T79"]
[Site "Internet Chess Club"]
[Date "2019.01.20"]
[Round "4"]
[White "Hectormercado"]
[Black "zajohns"]
[Result "0-1"]
[WhiteElo "1443"]
[BlackElo "1360"]
[Opening "Sicilian: dragon, Yugoslav attack, Rauser variation"]
[ECO "B76"]
[Time "15:00:52"]
[TimeControl "2700+45"]

1. e4 c5 2. Nf3 d6 3. d4 cxd4 4. Nxd4 Nc6 5. Be3 Nf6 6. f3 g6 7. Qd2 Bg7 8. Nc3
O-O 9. O-O-O Bd7 10. Nb3 a6 11. g4 b5 12. h4 Qc7 13. Bh6 Rfc8 14. Bxg7 Kxg7 15.
g5 Nh5 16. f4 Ng3 17. Rg1 Nxf1 18. Rdxf1 Na5 19. Kb1 Nxb3 20. cxb3 e6 21. f5
exf5 22. Nd5 Qc5 23. Ne7 Re8 24. exf5 Bxf5+ 25. Nxf5+ gxf5 26. Rc1 Qe5 27. h5
Red8 28. Rce1 Qc5 29. Qd3 Re8 30. Rc1 Qe5 31. Rcf1 Qe4 32. h6+ Kg6 33. Rd1 Qxd3+
34. Rxd3 Rad8 35. Rdd1 Re7 36. a4 b4 37. Rd4 a5 38. Rd5 Re5 39. Rd4 Rc5 40. Rc4
Re8 41. Rd4 d5 42. Ka2 Re4 43. Rd3 {White resigns} 0-1

[Event "Team 45 45 League T79"]
[Site "Internet Chess Club"]
[Date "2019.01.21"]
[Round "4"]
[White "SeniorCitizen"]
[Black "drsigmund1"]
[Result "0-1"]
[WhiteElo "1209"]
[BlackElo "1469"]
[Opening "French: advance, Nimzovich system"]
[ECO "C02"]
[Time "07:00:19"]
[TimeControl "2700+45"]

1. e4 e6 2. d4 d5 3. e5 c5 4. Nf3 cxd4 5. Bb5+ Nc6 6. Nxd4 Bd7 7. Nf3 Qa5+ 8.
Nc3 Bb4 9. Bxc6 bxc6 10. Bd2 Ne7 11. a3 Bxc3 12. Bxc3 Qc7 13. O-O O-O 14. Re1 c5
15. Qc1 d4 16. Bd2 Bc6 17. Bf4 Bxf3 18. gxf3 Qc6 19. Qd1 Ng6 20. Bg3 h5 21. h4
Ne7 22. Kh2 Nf5 23. Re4 Rfd8 24. b3 Rd7 25. Qd3 Rc8 26. c4 dxc3 27. Qxc3 Rd4 28.
Rae1 Rcd8 29. Kg2 Rd3 30. Qc4 R8d4 31. Qc2 Rd2 32. Qc3 R4d3 33. Qc4 Nd4 34. R1e3
Rxe3 35. Rxe3 Nf5 36. Re4 Rd4 37. Qc3 Rxe4 38. fxe4 Qxe4+ 39. Qf3 Qxf3+ 40. Kxf3
Nd4+ 41. Ke4 Nxb3 42. f4 a5 43. Kd3 Nc1+ 44. Kc4 Ne2 45. Bh2 a4 46. Kxc5 Kh7 47.
Kb4 Kg6 48. Kxa4 Kf5 49. Kb3 Kg4 50. a4 Kh3 51. a5 Kxh2 52. a6 Nd4+ 53. Kc4 Nc6
54. Kc5 Na7 55. Kd6 Kh3 56. Ke7 Kxh4 57. Kxf7 Kg4 58. Kxg7 Kxf4 {White resigns}
0-1

[Event "Team 45 45 League T79"]
[Site "Internet Chess Club"]
[Date "2019.01.19"]
[Round "4"]
[White "howah45"]
[Black "zadagat"]
[Result "0-1"]
[WhiteElo "1111"]
[BlackElo "1114"]
[Opening "Sicilian: Smith-Morra gambit"]
[ECO "B21"]
[Time "15:30:33"]
[TimeControl "2700+45"]

1. e4 c5 2. d4 cxd4 3. c3 dxc3 4. Nxc3 e5 5. Nf3 Nc6 6. Bc4 Nf6 7. Qe2 a6 8. O-O
b5 9. Bb3 Bb7 10. Rd1 Na5 11. Bc2 d5 12. Nxe5 d4 13. Nd5 Bc5 14. b4 Bxd5 15.
bxc5 Bc4 16. Nxc4 Nxc4 17. Qd3 O-O 18. Qxd4 Qxd4 19. Rxd4 Rac8 20. e5 Ne8 21.
Rd5 Nc7 22. Rd4 Nxe5 23. Ba3 Ne6 24. Rd5 Nc4 25. Bb4 a5 26. Bc3 Rxc5 27. Rd7 Nb6
28. Rd6 Rxc3 29. Bf5 Nc4 30. Rc6 Rd8 31. Rb1 Nd4 32. Rc5 Nxf5 33. Rxf5 Rcd3 34.
h3 b4 35. Rc5 Nd2 36. Rbc1 g6 37. Rxa5 b3 38. Rd1 b2 39. Rb5 b1=Q 40. Rdxb1 Nxb1
41. Rxb1 Rd1+ 42. Rxd1 Rxd1+ 43. Kh2 Ra1 44. Kg3 Rxa2 45. f3 Kg7 46. h4 f5 47.
Kf4 Rxg2 {White resigns} 0-1

[Event "Team 45 45 League T79"]
[Site "Internet Chess Club"]
[Date "2019.01.17"]
[Round "4"]
[White "seattleblues"]
[Black "XGG123"]
[Result "0-1"]
[WhiteElo "1258"]
[BlackElo "1425"]
[Opening "Grünfeld with Bf4 & e3"]
[ECO "D93"]
[Time "21:00:21"]
[TimeControl "2700+45"]

1. d4 Nf6 2. Nf3 g6 3. c4 Bg7 4. Nc3 d5 5. Bf4 O-O 6. e3 c5 7. dxc5 Qa5 8. Be2
Ne4 9. O-O Nxc3 10. bxc3 dxc4 11. Bxc4 Qxc5 12. Bb3 Nc6 13. Nd4 e5 14. Nxc6 exf4
15. Nd4 fxe3 16. fxe3 Qxc3 17. Rc1 Qxe3+ 18. Kh1 Qxd4 19. Qf3 Bf5 20. Qxb7 Rab8
21. Bxf7+ Kh8 22. Qe7 Bf6 23. Qc7 Rbc8 24. Qb7 Rxc1 25. Rxc1 Be4 26. Qc7 Rd8 27.
Qg3 Be5 28. Qb3 Bxg2+ 29. Kxg2 Qd2+ {White resigns} 0-1

[Event "Team 45 45 League T79"]
[Site "Internet Chess Club"]
[Date "2019.01.20"]
[Round "4"]
[White "sdcohle"]
[Black "Conjurer"]
[Result "1-0"]
[WhiteElo "1423"]
[BlackElo "1290"]
[Opening "Queen's pawn game"]
[ECO "A45"]
[Time "14:04:26"]
[TimeControl "2700+45"]

1. d4 Nf6 2. e3 e6 3. Bd3 d5 4. f4 g6 5. Nf3 c5 6. c3 Nc6 7. Nbd2 c4 8. Bc2 Bg7
9. O-O O-O 10. e4 Nd7 11. e5 f6 12. exf6 Nxf6 13. Ne5 Nh5 14. g3 Ne7 15. Ndf3
Nf6 16. Qe2 Ng4 17. Nxg4 e5 18. Ngxe5 Bh3 19. Re1 Nf5 20. Ng5 {Black resigns}
1-0

[Event "Team 45 45 League T79"]
[Site "Internet Chess Club"]
[Date "2019.01.19"]
[Round "4"]
[White "idjit"]
[Black "ascoli"]
[Result "0-1"]
[WhiteElo "1577"]
[BlackElo "1701"]
[Opening "Caro-Kann: Steinitz variation"]
[ECO "B17"]
[Time "11:03:23"]
[TimeControl "2700+45"]

1. e4 c6 2. d4 d5 3. Nc3 dxe4 4. Nxe4 Nd7 5. Nf3 Ngf6 6. Ng3 e6 7. Bd3 Bd6 8.
O-O O-O 9. Re1 Qc7 10. Qe2 b6 11. Ne5 Bb7 12. Bg5 c5 13. Nxd7 Nxd7 14. Qh5 g6
15. Qh6 cxd4 16. Nh5 Be5 17. Rxe5 Qxe5 18. Bf6 Qxf6 19. Nxf6+ Nxf6 20. f3 Rad8
21. h4 Rd5 22. g4 Rfd8 23. Kf2 Re5 24. Rg1 Re3 25. Rg3 Rxf3+ {White resigns} 0-1

[Event "Team 45 45 League T79"]
[Site "Internet Chess Club"]
[Date "2019.01.19"]
[Round "4"]
[White "RD1974"]
[Black "noblitz-oblige"]
[Result "1-0"]
[WhiteElo "1593"]
[BlackElo "1493"]
[Opening "Bishop's opening: Berlin defense"]
[ECO "C24"]
[Time "10:00:52"]
[TimeControl "2700+45"]

1. e4 e5 2. Bc4 Nf6 3. d3 h6 4. f4 Nc6 5. Nf3 d6 6. c3 Be7 7. O-O O-O 8. f5 a6
9. a4 Bd7 10. Qe1 Nh5 11. g3 Nf6 12. h3 Be8 13. g4 Kh7 14. Be3 d5 15. Ba2 dxe4
16. dxe4 g5 17. Nbd2 Bd6 18. Rd1 Qe7 19. Qg3 Bc5 20. Qf2 Bxe3 21. Qxe3 Nd7 22.
b4 f6 23. h4 Bf7 24. Bd5 gxh4 25. Nxh4 Rg8 26. Qh3 Rg7 27. Bxf7 Qxf7 28. Ng6 Nf8
29. g5 fxg5 30. Nf3 Qf6 31. Nh2 g4 32. Nxg4 Qg5 33. Kh1 Nxg6 34. fxg6+ Qxg6 35.
Nf6+ Kh8 36. Rd7 Rxd7 37. Qxd7 Rf8 38. Qe6 Kg7 39. Rg1 Qxg1+ 40. Kxg1 Rxf6 41.
Qd7+ Rf7 42. Qc8 Nxb4 43. cxb4 c6 44. Qb8 Re7 45. Qd6 Kf7 46. Qxh6 Ke8 47. Kf2
Kd7 48. Ke3 b6 49. Kd3 Kc7 50. Kc4 Rd7 51. Qg6 b5+ 52. Kc5 bxa4 53. Qxc6+ Kd8
54. Qxa4 {Black resigns} 1-0

[Event "Team 45 45 League T79"]
[Site "Internet Chess Club"]
[Date "2019.01.19"]
[Round "4"]
[White "Toalla"]
[Black "CMAlge"]
[Result "0-1"]
[WhiteElo "1164"]
[BlackElo "1281"]
[Opening "Dunst (Sleipner,Heinrichsen) opening"]
[ECO "A00"]
[Time "10:01:46"]
[TimeControl "2700+45"]

1. Nc3 e5 2. d4 Nc6 3. d5 Nd4 4. e3 Nf5 5. Nf3 d6 6. e4 Nh4 7. Nxh4 Qxh4 8. g3
Qg4 9. Qxg4 Bxg4 10. Ne2 Bf3 11. Rg1 Bxe4 12. Nc3 Bxc2 13. Bg2 O-O-O 14. b3 Re8
15. Be4 Bxe4 16. Nxe4 f5 17. Nd2 g6 18. Bb2 Nf6 19. O-O-O Nxd5 20. Rge1 Bg7 21.
Nc4 Nb4 22. a3 Nc6 23. f4 Rhf8 24. fxe5 dxe5 25. Rd5 Bh6+ 26. Kb1 Nd4 27. Bxd4
exd4 28. Rxe8+ Rxe8 29. Rxd4 Re1+ 30. Kc2 Bg7 31. Rd1 Re2+ 32. Rd2 Re6 33. a4 b6
34. h3 a6 35. Rd3 Bh6 36. Nb2 Re2+ 37. Kb1 Bg7 38. Nd1 Rh2 39. g4 fxg4 40. hxg4
Rg2 41. Re3 Rxg4 42. Re8+ Kb7 43. Re7 Bd4 44. Rxh7 Rg1 45. Kc2 g5 46. Rd7 Bc5
47. Nc3 Rg2+ 48. Rd2 Rxd2+ 49. Kxd2 Bb4 50. Kd3 Bxc3 51. Kxc3 g4 52. Kd3 g3 53.
Ke2 g2 54. Kf2 g1=Q+ 55. Kxg1 Kc6 56. Kf2 Kc5 57. Ke3 Kb4 58. Kd4 Kxb3 {White
resigns} 0-1

[Event "Team 45 45 League T79"]
[Site "Internet Chess Club"]
[Date "2019.01.17"]
[Round "4"]
[White "seldredg"]
[Black "kingsrook"]
[Result "1-0"]
[WhiteElo "1277"]
[BlackElo "1134"]
[Opening "Queen's pawn, Mason variation"]
[ECO "D00"]
[Time "14:00:13"]
[TimeControl "2700+45"]

1. d4 d5 2. Bf4 Nf6 3. e3 c5 4. c3 Nc6 5. Nd2 e6 6. Ngf3 Bd6 7. Bg3 O-O 8. Bd3
Qc7 9. Ne5 Nxe5 10. dxe5 Bxe5 11. Bxe5 Qxe5 12. Nf3 Qc7 13. Qe2 e5 14. Ng5 h6
15. Nh3 e4 16. Bc2 Bxh3 17. gxh3 Rfd8 18. O-O-O a6 19. f3 b5 20. f4 Qb6 21. Rhg1
b4 22. c4 d4 23. Qg2 Ne8 24. Qxe4 Nf6 25. Rg3 Nxe4 26. Bxe4 Rab8 27. Rdg1 g6 28.
h4 Rd6 29. h5 Re8 30. Bd3 Kg7 31. e4 Rde6 32. e5 Kh8 33. h4 R6e7 34. hxg6 {Black
forfeits on time} 1-0

[Event "Team 45 45 League T79"]
[Site "Internet Chess Club"]
[Date "2019.01.19"]
[Round "4"]
[White "BrerRabbit"]
[Black "mongmong"]
[Result "0-1"]
[WhiteElo "1343"]
[BlackElo "1458"]
[Opening "Queen's pawn"]
[ECO "A40"]
[Time "19:02:04"]
[TimeControl "2700+45"]

1. d4 e6 2. Bf4 Nf6 3. Nd2 d5 4. e3 Bd6 5. Bg3 c5 6. c3 O-O 7. Ngf3 b6 8. Bd3
Bb7 9. Ne5 Nc6 10. f4 Ne7 11. O-O Nf5 12. Rf3 Ne4 13. Qe1 Nexg3 14. hxg3 f6 15.
Ng4 Qe7 16. Rf1 Rae8 17. Bb5 Rd8 18. Bd3 Bc6 19. e4 dxe4 20. Nxe4 cxd4 21. Nxd6
Qxd6 22. Be4 Bxe4 23. Qxe4 Nxg3 {White resigns} 0-1

[Event "Team 45 45 League T79"]
[Site "Internet Chess Club"]
[Date "2019.01.20"]
[Round "4"]
[White "dabodhi"]
[Black "OGO"]
[Result "0-1"]
[WhiteElo "1266"]
[BlackElo "1305"]
[Opening "Scotch gambit"]
[ECO "C44"]
[Time "21:04:40"]
[TimeControl "2700+45"]

1. e4 e5 2. Nf3 Nc6 3. d4 exd4 4. Bc4 h6 5. c3 d6 6. cxd4 Bg4 7. h3 Bxf3 8. Qxf3
Qf6 9. Bb5 Qxf3 10. Bxc6+ bxc6 11. gxf3 Nf6 12. Nc3 Be7 13. Be3 Kd7 14. Rg1 g6
15. a3 Rab8 16. b4 Rb7 17. Rd1 a5 18. Rb1 Rhb8 19. Ke2 axb4 20. axb4 Rxb4 21.
Rxb4 Rxb4 22. Rb1 Rb6 23. Bxh6 Rxb1 24. Nxb1 d5 25. e5 Nh7 26. Bf4 c5 27. dxc5
Bxc5 28. Be3 Be7 29. Nc3 c6 30. Na4 Ke6 31. f4 Nf8 32. Nc5+ Kf5 33. Kf3 Bxc5 34.
Bxc5 Ne6 35. Ba3 Nxf4 36. h4 Nd3 37. Bd6 Nxe5+ 38. Ke2 Nc4 39. Bc5 Ke4 40. f3+
Kf4 41. Kf2 Ne5 42. Be3+ Kf5 43. Bd4 c5 {White resigns} 0-1

[Event "Team 45 45 League T79"]
[Site "Internet Chess Club"]
[Date "2019.01.21"]
[Round "4"]
[White "stantheman59"]
[Black "Just-Jim"]
[Result "1-0"]
[WhiteElo "1216"]
[BlackElo "1318"]
[Opening "Philidor's defense"]
[ECO "C41"]
[Time "15:07:32"]
[TimeControl "2700+45"]

1. e4 e5 2. Nf3 d6 3. Bc4 h6 4. h3 Be7 5. Nc3 Nf6 6. d3 a6 7. a4 c6 8. O-O Nbd7
9. Be3 c5 10. Nd5 Nxd5 11. Bxd5 Nb6 12. Bb3 O-O 13. Qd2 Kh7 14. c3 f5 15. Bd5
Nxd5 16. exd5 f4 17. Bxc5 dxc5 18. Nxe5 Qxd5 19. Nf3 Bxh3 20. c4 Qc6 21. Qe2 Qg6
22. Qe4 Rf5 23. Nh4 Bxh4 24. Qf3 Bg4 25. Qe4 f3 26. g3 Bxg3 27. fxg3 Qg5 28. Rf2
g6 29. Qxb7+ Kg8 30. Qxa8+ Rf8 31. Qxa6 Bc8 32. Qd6 Rd8 33. Qc7 Rf8 34. Re1 Qf6
35. Qxc5 h5 36. Re3 Bg4 37. Re4 Bf5 38. Qd5+ Kh8 39. Rf4 Qg5 40. R2xf3 Qf6 41.
Qd4 Qxd4+ 42. Rxd4 Re8 43. Kf2 Rb8 44. Rxf5 gxf5 45. Rf4 Rxb2+ 46. Ke3 Kh7 47.
Rxf5 Kg6 48. Rb5 Rg2 49. Kf3 Rd2 50. Ke3 Rh2 51. c5 Rg2 52. Kf3 Rd2 53. Ke3 Ra2
54. a5 Kg5 55. c6+ Kg4 56. d4 Ra3+ 57. Ke4 Rxg3 58. c7 Rc3 59. Rc5 Rxc5 60. dxc5
h4 61. c8=Q+ Kg3 62. Qg8+ Kh2 63. Kf3 h3 64. Kf2 Kh1 65. Qg1# {Black checkmated}
1-0

[Event "Team 45 45 League T79"]
[Site "Internet Chess Club"]
[Date "2019.01.20"]
[Round "4"]
[White "kingsrook"]
[Black "pagliaci"]
[Result "0-1"]
[WhiteElo "1122"]
[BlackElo "1238"]
[Opening "Grünfeld defense"]
[ECO "D80"]
[Time "15:30:51"]
[TimeControl "2700+45"]

1. d4 Nf6 2. c4 g6 3. Nc3 d5 4. e3 Bg7 5. cxd5 Nxd5 6. e4 Nxc3 7. bxc3 c5 8. Nf3
Bg4 9. Be3 O-O 10. Be2 Nc6 11. Rc1 Bxf3 12. Bxf3 cxd4 13. cxd4 Nxd4 14. O-O
Nxf3+ 15. Qxf3 b6 16. Rfd1 Qb8 17. Bf4 Be5 18. Bg3 Bxg3 19. Qxg3 Qb7 20. Re1
Rac8 21. Qa3 Rfd8 22. e5 Rd2 23. Rxc8+ Qxc8 24. Qxe7 Qc2 25. Qh4 Rd1 26. f3
Rxe1+ 27. Qxe1 Qxa2 28. f4 a5 29. Qd1 b5 30. Qd8+ Kg7 31. Qf6+ Kf8 32. Qh8+ Ke7
33. Qg7 Qe6 34. Qf6+ Qxf6 35. exf6+ Kxf6 36. Kf1 a4 37. Ke1 a3 38. Kd1 a2 {White
resigns} 0-1

[Event "Team 45 45 League T79"]
[Site "Internet Chess Club"]
[Date "2019.01.15"]
[Round "4"]
[White "seattleblues"]
[Black "Balderdash"]
[Result "0-1"]
[WhiteElo "1268"]
[BlackElo "1245"]
[Opening "Queen's pawn game"]
[ECO "D02"]
[Time "20:30:39"]
[TimeControl "2700+45"]

1. d4 d5 2. Nf3 Bf5 3. c4 Nf6 4. Nc3 dxc4 5. Qa4+ Nbd7 6. Qxc4 Nb6 7. Qb3 Be6 8.
Qc2 g6 9. e4 Bg7 10. Be2 Nh5 11. O-O Bxd4 12. Rd1 c5 13. Nxd4 cxd4 14. Nb5 Rc8
15. Qd3 Bc4 16. Qxd4 Qxd4 17. Nxd4 Bxe2 18. Nxe2 Nf6 19. e5 Ne4 20. f3 Nc5 21.
Be3 O-O 22. Rac1 Ne6 23. Rxc8 Nxc8 24. Rd7 b6 25. f4 Nc5 26. Nc3 {White resigns}
0-1

[Event "Team 45 45 League T79"]
[Site "Internet Chess Club"]
[Date "2019.01.16"]
[Round "4"]
[White "SeniorCitizen"]
[Black "Toalla"]
[Result "1-0"]
[WhiteElo "1230"]
[BlackElo "1193"]
[Opening "Four knights: Spanish, classical defense"]
[ECO "C48"]
[Time "14:38:21"]
[TimeControl "2700+45"]

1. e4 Nf6 2. Nc3 e5 3. Nf3 Nc6 4. Bb5 Bc5 5. O-O O-O 6. d3 d6 7. h3 h6 8. Bd2
Nd4 9. Nxd4 Bxd4 10. Qc1 Kh7 11. Ne2 c5 12. c3 a6 13. Ba4 b5 14. Bc2 Bxc3 15.
Nxc3 Bb7 16. Re1 Rc8 17. Qd1 d5 18. exd5 Bxd5 19. Ne4 g6 20. Qe2 Ng8 21. Qe3 f5
22. Nc3 e4 23. Nxd5 Qxd5 24. dxe4 Qe5 25. Bc3 Qe8 26. exf5 gxf5 27. Qxe8 Rcxe8
28. Rxe8 Rxe8 29. Bxf5# {Black checkmated} 1-0

[Event "Team 45 45 League T79"]
[Site "Internet Chess Club"]
[Date "2019.01.19"]
[Round "4"]
[White "tasawyer81"]
[Black "olivermx"]
[Result "1/2-1/2"]
[WhiteElo "1216"]
[BlackElo "1163"]
[Opening "Queen's pawn, Mason variation"]
[ECO "D00"]
[Time "12:04:56"]
[TimeControl "2700+45"]

1. d4 d5 2. Bf4 Nf6 3. e3 e6 4. c3 c5 5. Nd2 Be7 6. Ngf3 O-O 7. Be2 Nbd7 8. O-O
b6 9. Re1 Bb7 10. Rc1 c4 11. b3 b5 12. bxc4 bxc4 13. Rb1 Bc6 14. Ne5 Nxe5 15.
dxe5 Nd7 16. e4 Qc8 17. exd5 exd5 18. Bg4 Qd8 19. e6 Nf6 20. exf7+ Kh8 21. Be6
Bd7 22. Bxd7 Qxd7 23. Be5 Rxf7 24. Bxf6 Bxf6 25. Qc2 Re7 26. Nf3 Rxe1+ 27. Rxe1
Re8 28. Qd2 Rxe1+ 29. Qxe1 Kg8 30. Nd4 Bxd4 31. cxd4 Kf8 32. Qb4+ {Game drawn by
mutual agreement} 1/2-1/2